cohdb
Replays
Latest Replays
All Replays
Popular Replays
Top Player Replays
Match Explorer
How It Works
Community
CoH3 Stats
Reddit
Sign in to upload your games and track your stats! →
Sign in with Steam
Match 47174725
Unlisted
Match 47174725
Overview
Messages
Build Orders
End
Selects Special Operations Battlegroup
Selects M29 Weasel Recon Vehicle
M29 Weasel Recon Vehicle
Construct Barracks
Riflemen Squad
Riflemen Squad
Grenade Package
Riflemen Squad
Selects Raiding Flares
Riflemen Squad
Air Support Center
Construct Motor Pool
Double Sortie
P-47 Strafing Run
Selects SSF Commando Squad
SSF Commando Squad
P-47 Strafing Run
Raiding Flares
P-47 Dive Bomb
Construct Medical Station
Construct Weapon Support Center
P-47 Strafing Run
M24 Chaffee Light Tank
Improved M9 Bazooka Rockets
P-47 Strafing Run
SSF Commando Squad
Selects P-47 Anti-Infantry Loiter
Selects UNKNOWN (2162291)
Raiding Flares
Construct Tank Depot
P-47 Strafing Run
M4(105) Sherman Bulldozer
SSF Commando Squad
P-47 Dive Bomb
P-47 Strafing Run
P-47 Anti-Infantry Loiter
Serial Chiller
Ricard2037
xia0_fei
Burnout
帝国师.刺 客
-PatH- Federik
acu.12.aae
叶湘伦.
0
0
Comments
sign in to comment!
No comments posted yet!